004, lawful female human Valkyrie ----- #.^..| ###|@..-# # |...|# ------------- ### -----### |............## # # |..<........| ### #[# |...........| ### #-... |.....[......## # ...- ------------- ..| | 004 the Skirmisher Experience level: 5 Strength: 18/01 Dexterity: 12 Constitution: 17 Intelligence: 9 Wisdom: 9 Charisma: 9 Health: 0(49) Energy: 9(9) Def: 4 Gold: 682 Moves: 2191 Dungeon seed: 3JHguSdDX4OM44zG Game ID: 004_1587141764 Your Inventory: Coins $ - 682 gold pieces Amulets w - an uncursed amulet of magical breathing Weapons a - a +1 long sword (weapon in hand) b - a blessed +0 dagger s - 7 +0 arrows B - a +0 orcish dagger H - 7 +1 darts J - a +0 knife Armor e - a blessed +3 small shield (being worn) r - an uncursed +0 banded mail N - an uncursed +2 mummy wrapping Y - a cursed -1 orcish helm Comestibles c - 2 uncursed food rations d - an uncursed tripe ration k - an uncursed apple l - 2 uncursed cram rations I - an uncursed carrot K - an uncursed tin of giant beetle meat Scrolls f - an uncursed scroll of teleportation h - 2 uncursed scrolls of light i - a blessed scroll of food detection p - an uncursed scroll of identify F - an uncursed scroll of blank paper G - a cursed scroll of identify Potions j - a blessed potion of paralysis t - a cursed potion of paralysis z - an uncursed potion of paralysis C - an uncursed potion of enlightenment D - 2 uncursed potions of speed Rings y - a cursed -1 ring of gain strength Wands v - a wand of sleep (0:6) Tools m - a cursed oil lamp (0:1285) x - an uncursed tin opener Gems n - 2 uncursed worthless pieces of white glass (in quiver) q - 2 uncursed worthless pieces of red glass Spells and supernatural/magical abilities: Name Level Category Fail Memory W - pray for help -- divine ? -- Your skills at the end: Fighting Skills Weapon Skills dagger [Basic] long sword [Basic] Spellcasting Skills Final Attributes: You were piously aligned. You were cold resistant. You were stealthy. You are dead. Vanquished creatures: an orc mummy a gnome mummy 2 Mordor orcs a shrieker a gray ooze a paper golem a kitten 4 rothes a dwarf zombie an iguana a gas spore a large kobold 2 yellow molds 7 garter snakes 2 geckos 3 jackals 2 foxes 2 goblins 3 grid bugs a bat 4 lichens 4 kobold zombies 4 newts 50 creatures vanquished. Voluntary challenges: You were an atheist. You used a wielded weapon 48 times, starting on turn 162. You were illiterate. You never genocided any monsters. You never polymorphed an object. You never changed form. You used no wishes. You never split a pudding. You never wrote Elbereth's name. You never violated your personal moral code. Dungeon overview: The Dungeons of Doom: levels 1 to 9 Level 1 some fountains a long staircase Level 2 Level 3 Level 4 Level 5 Level 6 a sink Level 7 a fountain Level 8 Level 9 <- You were here History has recorded: On T:1 you entered the Dungeons of Doom to retrieve the Amulet of Yendor! On T:273 you reached level 2 of The Dungeons of Doom. On T:506 you advanced to experience level 2. On T:702 you reached level 3 of The Dungeons of Doom. On T:1087 you reached level 4 of The Dungeons of Doom. On T:1155 you reached level 5 of The Dungeons of Doom. On T:1298 you advanced to experience level 3. On T:1360 you reached level 6 of The Dungeons of Doom. On T:1633 you reached level 7 of The Dungeons of Doom. On T:1655 you reached level 8 of The Dungeons of Doom. On T:1753 you advanced to experience level 4. On T:2060 you advanced to experience level 5. On T:2088 you reached level 9 of The Dungeons of Doom. Score breakdown: Gold: 682 ( 9641 points) Experience: 5 levels (11141 points) Exploration: 9 levels ( 19.15%) (12510 points) Discoveries: 1 item ( 0.41%) ( 1912 points) Valuables value: (no points given unless you survive) Artifact value: 0 ( 0 points) Variety of kills: 23 monsters ( 6.04%) ( 7370 points) Turncount: 2191 turns ( -135 points) Survival: died (score multiplied by 80%) Total score: 33951 Latest messages: You kill the Mordor orc! You hear a nearby zap. The wand hits you! J - a knife. Y - an orcish helm. K - a tin. You see here an orcish helm. The Mordor orc zaps a wand of striking! The wand hits you! You displace your kitten. You hear some noises. You hear some noises in the distance. You hear some noises. You hear some noises in the distance. A cloud of gas puts you to sleep! You wake up. You hear a nearby zap. The wand hits the kitten! The kitten is killed! The wand hits you! You die... Final status: Farvel 004 the Valkyrie, killed by a wand... You died in The Dungeons of Doom on dungeon level 9 with 33951 points, and 682 pieces of gold, after 2191 moves. You were level 5 with a maximum of 49 hit points when you died.